 Dungeon Crawl Stone Soup version 0.18.1-50-g88ac8fd (webtiles) character file.

62 Gargoyl the Skirmisher (level 3, 0/30 HPs)
             Began as a Demonspawn Abyssal Knight on Sept 19, 2016.
             Was a Follower of Lugonu.
             Slain by an adder (4 damage)
             ... on level 3 of the Dungeon.
             The game lasted 00:02:42 (1672 turns).

Gargoyl the Skirmisher (Demonspawn Abyssal Knight)  Turns: 1672, Time: 00:02:43

Health: 0/30       AC:  7    Str: 13    XL:     3   Next: 85%
Magic:  4/4        EV:  9    Int: 16    God:    Lugonu [*.....]
Gold:   114        SH:  0    Dex: 12    Spells: 0 memorised, 2 levels left

rFire  . . .     SeeInvis .     f - +0 broad axe
rCold  . . .     Gourm    .     v - +0 scale mail
rNeg   . . .     Faith    .     (no shield)
rPois  .         Spirit   .     (no helmet)
rElec  .         Dismiss  .     (no cloak)
rCorr  .         Reflect  .     (no gloves)
SustAt .         Harm     .     (no boots)
MR     .....                    (no amulet)
Stlth  ..........               (no ring)
                                n - +3 ring of intelligence

@: not resistant to hostile enchantments, extremely unstealthy
A: molten scales 1, spiny 1
a: Depart the Abyss, Renounce Religion


You were on level 3 of the Dungeon.
You worshipped Lugonu.
Lugonu was aware of your devotion.
You were hungry.

You visited 1 branch of the dungeon, and saw 3 of its levels.
You visited the Abyss 1 time.

You collected 114 gold pieces.

Inventory:

Hand Weapons
 a - a +1 hand axe
 f - a +0 broad axe (weapon)
Armour
 v - a +0 scale mail (worn)
Jewellery
 n - a +3 ring of intelligence (left hand)
Wands
 g - a wand of disintegration (15/24)
Scrolls
 e - a scroll of amnesia {unknown}
 k - a scroll of identify
 m - a scroll of remove curse {unknown}
 p - a scroll of random uselessness {unknown}
 q - a scroll of noise {unknown}
 r - a scroll of enchant armour {unknown}
 u - a scroll of fear {unknown}
Potions
 d - 2 potions of might {unknown}
 h - a potion of haste {unknown}
 i - 3 potions of flight {unknown}
 j - a potion of magic {unknown}
 s - a potion of curing {unknown}
Comestibles
 c - a bread ration
 o - 2 meat rations
 t - 4 fruits


   Skills:
 + Level 3.7 Fighting
 + Level 2.2 Axes
 * Level 2.2 Armour
 + Level 1.6 Dodging
 + Level 0.6 Stealth
 + Level 2.5 Invocations


You had 2 spell levels left.
You didn't know any spells.

Dungeon Overview and Level Annotations

Branches:
Dungeon (3/15)

Altars:
Cheibriados
Kikubaaqudgha
Makhleb
Okawaru
Xom

Annotations:
D:3 ender666's ghost, amateur GrFi


Innate Abilities, Weirdness & Mutations

You are partially covered in molten scales (AC +1).
You are partially covered in sharp spines.


Message History

You hit the worm.
The worm is heavily wounded.
You slash ender666's ghost!
Ender666's ghost is moderately damaged.
Ender666's ghost is struck by your spines.
Ender666's ghost hits you! The worm closely misses you.
A hobgoblin comes into view. It is wielding a club.
Unknown command.
Ender666's ghost is struck by your spines.
Ender666's ghost hits you but does no damage.
The worm bites you!
* * * LOW HITPOINT WARNING * * *
Found 6 gold pieces.
An adder comes into view.
The adder is struck by your spines. The adder barely misses you.
Ender666's ghost hits you.
* * * LOW HITPOINT WARNING * * *
A rat comes into view.
The adder bites you.
You die...

#...# r#
###<###. .#
##..... ..
#...... .#
##.###. .## #.#
#######..## ..#
#........$#
####
####...WS@..##
#......g...##
#.##..#.....# #
#..#..#....
#?##.w.....####
#...........#
#.##..#.##..#
#..$†%......#
#....##.###.#


You could see ender666's ghost, an adder, a hobgoblin and a rat.

Vanquished Creatures
  2 adders (D:2)
  An ooze (D:2)
  2 worms (D:2)
  2 dart slugs (D:2)
  2 giant geckos (D:2)
  2 giant cockroaches (D:2)
  2 goblins (D:2)
  A hobgoblin (D:2)
  7 bats
  3 giant newts
  4 kobolds
  4 rats
32 creatures vanquished.

Notes
Turn   | Place    | Note
--------------------------------------------------------------
     0 | Abyss:1  | Gargoyl the Demonspawn Abyssal Knight began the quest for the Orb.
     0 | Abyss:1  | Reached XP level 1. HP: 18/18 MP: 2/2
    83 | Abyss:3  | Found a corrupted altar of Lugonu.
   148 | Abyss:4  | Noticed an orb spider
   148 | D:1      | Escaped the Abyss
   224 | D:1      | Reached skill level 1 in Dodging
   633 | D:1      | Reached * piety under Lugonu
   855 | D:2      | Gained mutation: You are partially covered in sharp spines. [demonic ancestry]
   855 | D:2      | Reached XP level 2. HP: 24/24 MP: 3/3
   882 | D:2      | Found an ancient bone altar of Kikubaaqudgha.
   910 | D:2      | Found a burning altar of Makhleb.
  1011 | D:2      | Found a snail-covered altar of Cheibriados.
  1013 | D:2      | Gained mutation: You are partially covered in molten scales (AC +1). [demonic ancestry]
  1013 | D:2      | Reached XP level 3. HP: 26/29 MP: 4/4
  1236 | D:2      | Found an iron altar of Okawaru.
  1382 | D:2      | Found a shimmering altar of Xom.
  1658 | D:3      | Noticed ender666's ghost (amateur GrFi)
  1672 | D:3      | Slain by an adder

Skill      XL: |  1  2 |
---------------+-------+-----
Dodging        | 1 |  1.6
Axes           | 2 |  2.2
Armour         | 2 |  2.2
Fighting       | |  3.7
Stealth        | |  0.6
Invocations    | |  2.5

Action                   || total
-------------------------++-------
Melee: Broad axe         ||    64
Invok: Depart the Abyss  ||     1
  Use: Scroll            ||     2
 Stab: Sleeping          ||     1
  Eat: Chunk             ||     2
Armor: Leather armour    ||    19
       Scale mail        ||     5
Dodge: Dodged            ||    56
